Map: Shrines of Lizul

Players

Night - Winner!

  • Race: Zerg Zerg
  • League: Master
  • Spawn Location: 9:00

Lillekanin - Winner!

  • Race: Terran Terran
  • Spawn Location: 6:00

Nerchio

  • Race: Zerg Zerg
  • Spawn Location: 3:00

Elazer

  • Race: Zerg Zerg
  • League: Master
  • Spawn Location: 12:00

VOD

Have the link to the VOD?

Description

Time

  • Played on: Aug. 23, 2016, 1:31 p.m.
  • Length: 11:37
Show
View Real Time Build Order
Export as new Build Order

Night Zerg - Winner!

Build Orders: Pool First 

Get SALT Encoding   

  12  0:02  Drone  
  13  0:12  Drone  
  14  0:22  Extractor, Drone  
  14  0:32  Spawning Pool  
  13  0:36  Drone  
  14  0:48  Overlord  
  14  1:07  Drone  
  15  1:19  Queen  
  15  1:20  Zergling x2  
  15  1:25  Zergling x2  
  19  1:27  Metabolic Boost  
  19  1:33  Zergling x4  
  21  1:46  Zergling x2  
  22  1:57  Hatchery  
  21  2:06  Overlord  
  21  2:13  Zergling x2  
  22  2:28  Zergling x8  
  22  2:29  Zergling x2  
  27  2:49  Zergling x4  
  29  2:59  Overlord  
  26  3:13  Zergling x8  
  26  3:15  Queen  
  32  3:34  Drone x4  
  32  3:35  Drone x2  
  38  3:45  Drone x2  
  40  4:00  Drone x2  
  42  4:08  Hatchery  
  41  4:10  Drone  
  41  4:14  Overlord  
  40  4:19  Overlord  
  33  4:49  Drone  
  33  4:50  Extractor, Drone x10  
  40  4:57  Drone  
  41  5:06  Overlord  
  41  5:07  Roach Warren  
  41  5:11  Extractor  
  39  5:16  Overlord  
  39  5:17  Drone x2  
  39  5:18  Drone x3  
  44  5:23  Drone x2  
  46  5:28  Queen  
  46  5:32  Drone  
  46  5:33  Drone  
  50  5:44  Overlord  
  50  5:48  Roach  
  50  5:49  Roach x4  
  60  5:54  Drone x2  
  60  5:56  Drone  
  63  5:58  Roach  
  63  5:59  Roach  
  63  6:01  Roach  
  63  6:04  Overlord  
  69  6:12  Roach x3  
  69  6:13  Roach  
  77  6:21  Overlord  
  77  6:22  Roach x2  
  77  6:23  Roach x2  
  77  6:25  Roach  
  87  6:28  Overlord  
  87  6:30  Roach  
  87  6:31  Overlord  
  89  6:33  Ravager x2  
  91  6:40  Ravager  
  91  6:42  Overlord  
  91  6:44  Zergling x6  
  95  6:49  Zergling x14  
  95  6:50  Zergling x2  
  103  6:58  Zergling x6  
  103  6:59  Zergling x2  
  107  7:02  Overlord  
  107  7:04  Zergling x2  
  107  7:12  Zergling x2  
  107  7:13  Zergling x2  
  103  7:20  Drone x3, Lair  
  103  7:22  Extractor  
  96  7:26  Drone x3  
  88  7:34  Drone x4  
  88  7:35  Drone x3  
  90  7:40  Evolution Chamber  
  87  7:49  Evolution Chamber  
  86  7:52  Extractor, Drone x5  
  86  7:53  Extractor  
  89  8:03  Roach x3  
  95  8:06  Zerg Missile Weapons Level 1  
  95  8:07  Ravager  
  95  8:08  Ravager  
  95  8:10  Hatchery  
  96  8:14  Spore Crawler  
  96  8:19  Roach x5  
  107  8:20  Roach  
  107  8:21  Overlord  
  107  8:22  Zerg Ground Armor Level 1  
  107  8:23  Glial Reconstitution  
  107  8:26  Drone x2  
  109  8:31  Overlord  
  109  8:32  Roach  
  109  8:33  Roach x4  
  119  8:38  Roach x5  
  129  8:46  Overlord  
  130  8:48  Ravager  
  130  8:52  Overlord x4  
  130  9:03  Overlord x2  
  130  9:16  Roach x3  
  130  9:17  Roach x7  
  150  9:21  Queen  
  150  9:22  Infestation Pit  
  150  9:23  Drone x4  
  155  9:30  Overlord  
  155  9:33  Ravager x3  
  155  9:34  Ravager x2  
  155  9:36  Overseer x3  
  160  9:41  Pneumatized Carapace  
  151  9:51  Roach  
  151  9:52  Roach x8  
  153  10:00  Roach x4  
  153  10:01  Roach  
  135  10:20  Roach x4  
  135  10:21  Roach x6  
  134  10:32  Roach x4  
  138  10:37  Roach x2  
  138  10:38  Roach x2  
  138  10:39  Ravager  
  138  10:40  Ravager  
  143  10:43  Roach x3  
  143  10:49  Extractor  
  148  10:52  Drone x3  
  148  10:54  Extractor  
  148  10:56  Roach x2  
  117  11:12  Roach x9  
  117  11:15  Drone x2  
Show
View Real Time Build Order
Export as new Build Order

Lillekanin Terran - Winner!

Build Orders: 1/1/1, Hellion Banshee 

Get SALT Encoding   

  12  0:00  SCV  
  13  0:12  SCV  
  14  0:18  Supply Depot  
  14  0:25  SCV  
  15  0:29  Refinery  
  15  0:40  SCV  
  16  0:47  Barracks  
  16  0:52  SCV  
  17  1:02  Refinery  
  17  1:04  SCV  
  18  1:16  SCV  
  19  1:28  SCV  
  20  1:35  Factory  
  20  1:37  Barracks Reactor  
  20  1:44  Orbital Command  
  20  1:53  Supply Depot  
  19  2:11  SCV  
  20  2:19  Starport  
  20  2:26  Hellion x2  
  20  2:27  SCV  
  25  2:32  Supply Depot  
  25  2:34  Barracks Tech Lab  
  25  2:43  SCV  
  26  2:47  Hellion  
  26  2:50  Hellion  
  30  3:01  Banshee  
  33  3:10  Hellion  
  33  3:11  Hellion  
  37  3:14  Cloaking Field  
  37  3:17  Marine  
  38  3:27  Supply Depot  
  38  3:38  Supply Depot  
  38  3:49  Banshee, Hellion x2  
  38  3:53  Marine  
  46  4:10  Hellion  
  42  4:32  Banshee  
  45  4:39  SCV  
  45  4:43  Command Center  
  46  4:51  SCV  
  47  5:02  Marine  
  47  5:03  SCV  
  49  5:14  Supply Depot  
  49  5:15  SCV  
  50  5:22  Banshee  
  50  5:25  Barracks Reactor  
  50  5:28  SCV  
  54  5:40  SCV  
  55  5:44  Factory  
  55  5:46  Factory  
  55  5:54  SCV  
  55  5:56  Orbital Command  
  56  6:02  Liberator x2  
  56  6:06  SCV  
  57  6:18  SCV  
  57  6:23  SCV  
  57  6:25  Supply Depot  
  65  6:32  Factory Tech Lab, Armory  
  65  6:36  SCV  
  65  6:37  SCV  
  67  6:45  Liberator  
  67  6:48  SCV  
  67  6:49  SCV  
  67  6:53  Refinery  
  67  6:54  Refinery  
  69  6:55  Cyclone  
  69  7:00  SCV  
  74  7:01  SCV  
  78  7:12  SCV  
  77  7:21  Liberator  
  77  7:28  SCV  
  77  7:29  SCV  
  73  7:31  Liberator  
  73  7:40  SCV  
  73  7:41  SCV  
  75  7:47  Command Center  
  78  7:52  SCV  
  78  7:53  SCV  
  80  8:03  Factory  
  80  8:05  SCV x2  
  81  8:07  Terran Vehicle And Ship Armor Level 1  
  81  8:11  Supply Depot  
  82  8:13  Supply Depot  
  82  8:17  Mag-Field Accelerator, SCV x2  
  84  8:29  SCV  
  84  8:32  Siege Tank  
  84  8:33  Hellion  
  90  8:40  Supply Depot  
  93  8:41  Siege Tank  
  93  8:44  Liberator  
  93  8:45  SCV  
  94  8:50  Factory Tech Lab  
  94  8:52  Hellion  
  94  8:54  Hellion  
  101  9:11  Cyclone  
  101  9:12  Hellion  
  101  9:13  Hellion  
  109  9:25  Starport  
  109  9:30  SCV x2  
  109  9:31  Liberator, Fusion Core, SCV  
  112  9:36  Engineering Bay  
  112  9:52  Hellion x2  
  109  10:03  Siege Tank  
  109  10:06  Siege Tank  
  109  10:07  Hellion  
  109  10:17  Hellion  
  104  10:28  Planetary Fortress  
  101  10:29  Hellion  
  101  10:34  SCV x2  
  102  10:44  Missile Turret  
  102  10:46  SCV x2  
  104  10:51  Starport Tech Lab  
  104  10:58  Siege Tank, SCV x2  
  104  10:59  Hellion x3  
  115  11:05  Supply Depot  
  115  11:09  Refinery  
  115  11:10  SCV x2  
  108  11:12  Refinery  
  107  11:21  SCV  
  107  11:22  SCV  
Show
View Real Time Build Order
Export as new Build Order

Nerchio Zerg 

Build Orders: Pool First 

Get SALT Encoding   

  12  0:00  Drone  
  13  0:13  Overlord  
  13  0:18  Drone  
  14  0:31  Drone x2  
  14  0:35  Drone  
  17  0:46  Spawning Pool  
  17  0:50  Drone  
  17  1:11  Hatchery  
  17  1:14  Drone  
  17  1:20  Drone  
  17  1:21  Extractor  
  17  1:32  Queen  
  19  1:34  Zergling x2  
  20  1:40  Overlord  
  20  1:44  Zergling x2  
  21  1:55  Drone  
  22  2:01  Roach Warren  
  22  2:04  Drone  
  22  2:12  Zergling x2  
  22  2:25  Zergling x4  
  24  2:42  Roach x4  
  32  2:46  Roach  
  32  2:51  Overlord  
  34  2:58  Overlord  
  34  3:11  Roach x2  
  38  3:17  Roach  
  38  3:19  Drone  
  41  3:23  Drone  
  42  3:28  Roach  
  42  3:33  Drone  
  45  3:35  Drone  
  46  3:43  Drone x2  
  46  3:48  Drone x2  
  50  3:51  Drone  
  51  3:57  Overlord  
  51  4:02  Spore Crawler  
  50  4:07  Spore Crawler  
  47  4:16  Roach  
  45  4:19  Queen  
  45  4:21  Roach  
  45  4:25  Ravager  
  45  4:27  Roach  
  45  4:33  Ravager  
  45  4:37  Spore Crawler  
  44  4:39  Ravager  
  44  4:41  Drone x2  
  44  4:43  Drone  
  48  4:46  Drone  
  48  4:50  Drone  
  49  4:54  Drone  
  49  4:55  Drone  
  50  5:04  Queen  
  51  5:10  Spore Crawler  
  51  5:12  Drone  
  53  5:21  Roach x2  
  53  5:23  Roach  
  53  5:28  Overlord  
  57  5:36  Queen  
  57  5:42  Overlord  
  59  5:48  Drone x3  
  62  5:50  Drone  
  62  5:52  Drone  
  62  5:55  Drone  
  65  5:57  Drone  
  65  5:59  Drone  
  67  6:08  Lair  
  67  6:13  Drone x3  
  70  6:20  Extractor, Drone x3  
  70  6:21  Extractor  
  70  6:24  Overlord  
  71  6:32  Drone x2  
  73  6:33  Evolution Chamber  
  72  6:40  Queen  
  72  6:43  Drone x2  
  76  6:47  Roach  
  76  6:48  Roach x2  
  76  6:52  Overlord  
  82  6:56  Overlord  
  82  7:03  Overlord  
  82  7:05  Overlord  
  79  7:16  Roach x2  
  81  7:23  Roach x2  
  81  7:25  Roach  
  81  7:26  Roach  
  81  7:28  Roach  
  81  7:29  Ravager x2  
  78  7:37  Roach x2  
  78  7:40  Queen x2  
  84  7:49  Roach x2, Glial Reconstitution  
  84  7:50  Zerg Missile Weapons Level 1  
  88  7:58  Ravager x2  
  90  8:00  Extractor  
  90  8:01  Roach  
  90  8:04  Roach  
  93  8:08  Roach  
  93  8:10  Roach  
  97  8:22  Roach x3  
  97  8:26  Hatchery  
  102  8:28  Roach  
  102  8:29  Roach  
  106  8:35  Roach  
  106  8:38  Roach  
  110  8:42  Roach  
  112  8:50  Roach x2  
  112  8:52  Overlord x2  
  112  8:55  Overlord  
  116  8:58  Overlord  
  116  9:02  Overseer  
  116  9:12  Roach  
  116  9:13  Roach x2  
  116  9:15  Ravager x2  
  116  9:16  Ravager  
  125  9:19  Roach  
  125  9:22  Roach  
  129  9:25  Roach  
  129  9:28  Roach  
  133  9:31  Roach  
  133  9:33  Ravager  
  133  9:37  Roach  
  138  9:49  Roach  
  138  9:50  Roach  
  138  9:51  Roach  
  138  9:52  Roach x2  
  145  9:54  Roach  
  147  10:05  Roach x3  
  122  10:07  Roach  
  122  10:12  Roach  
  114  10:18  Roach x2  
  114  10:20  Roach  
  99  10:22  Roach  
  99  10:25  Roach  
  94  10:28  Roach  
  94  10:33  Roach  
  94  10:36  Roach  
  94  10:40  Roach  
  96  10:45  Roach  
  96  10:46  Queen  
  96  11:09  Roach x5  
  94  11:11  Roach  
  94  11:14  Roach  
Show
View Real Time Build Order
Export as new Build Order

Elazer Zerg 

Build Orders: Pool First, Lurkers 

Get SALT Encoding   

  12  0:00  Drone  
  13  0:12  Overlord  
  13  0:17  Drone  
  14  0:31  Drone x2  
  14  0:34  Drone  
  17  0:46  Extractor  
  17  0:48  Spawning Pool  
  15  0:50  Drone  
  15  0:56  Drone  
  17  1:07  Drone  
  18  1:17  Drone  
  19  1:28  Hatchery  
  18  1:35  Queen  
  20  1:44  Drone  
  20  1:45  Metabolic Boost  
  21  1:53  Overlord  
  21  1:56  Zergling x2  
  22  2:08  Baneling Nest  
  21  2:09  Zergling x2  
  22  2:17  Zergling x2  
  22  2:21  Queen  
  25  2:24  Zergling x2  
  26  2:35  Zergling x2  
  27  2:41  Zergling x2  
  28  2:47  Roach Warren  
  28  2:48  Drone  
  29  2:55  Drone  
  30  3:00  Zergling x4  
  30  3:01  Zergling x2  
  31  3:12  Zergling x4  
  31  3:25  Overlord  
  31  3:26  Drone  
  32  3:33  Roach  
  34  3:34  Overlord  
  34  3:43  Roach x2  
  37  3:49  Spore Crawler  
  37  3:50  Spore Crawler  
  34  3:56  Roach x2  
  34  4:01  Lair  
  33  4:10  Spore Crawler  
  33  4:13  Drone x2  
  33  4:16  Drone  
  35  4:18  Drone  
  35  4:21  Drone  
  37  4:25  Drone  
  37  4:27  Drone  
  37  4:30  Drone  
  40  4:37  Drone  
  39  4:38  Drone x2  
  39  4:45  Drone  
  33  4:49  Queen  
  35  4:55  Drone  
  35  4:56  Drone  
  35  4:59  Drone  
  38  5:02  Overseer  
  38  5:05  Drone  
  39  5:07  Drone  
  40  5:15  Queen  
  40  5:19  Drone  
  40  5:21  Drone  
  44  5:22  Drone  
  44  5:26  Drone  
  44  5:28  Drone  
  47  5:31  Drone  
  47  5:33  Drone  
  47  5:35  Drone  
  50  5:43  Hydralisk Den, Overlord  
  49  5:55  Overlord x2  
  49  5:59  Extractor  
  49  6:01  Queen x2  
  49  6:02  Extractor  
  51  6:04  Extractor  
  51  6:05  Drone  
  51  6:06  Drone  
  52  6:13  Drone  
  52  6:15  Drone  
  52  6:16  Drone  
  55  6:19  Drone  
  55  6:22  Muscular Augments  
  56  6:26  Overseer  
  56  6:33  Overlord  
  56  6:34  Overseer  
  56  6:44  Hydralisk x4  
  64  6:49  Roach  
  64  6:50  Roach  
  68  6:57  Roach x2  
  68  7:00  Ravager  
  73  7:09  Roach  
  71  7:26  Roach  
  71  7:27  Roach x6  
  74  7:32  Hydralisk  
  66  7:38  Hydralisk  
  66  7:39  Queen x2  
  70  7:45  Lurker Den  
  70  8:00  Hydralisk x3  
  76  8:12  Overlord x3  
  76  8:25  Overlord  
  76  8:32  Hydralisk x5  
  86  8:38  Hydralisk  
  88  8:45  Hydralisk  
  90  8:53  Overlord  
  90  8:58  Overlord  
  86  9:14  Lurker x3  
  86  9:15  Lurker x2  
  91  9:18  Roach  
  91  9:19  Roach x2  
  91  9:23  Overlord  
  91  9:24  Hatchery  
  96  9:29  Roach x3  
  102  9:36  Overlord  
  102  9:42  Overlord  
  102  9:52  Hydralisk x5  
  105  10:05  Roach x4  
  109  10:11  Roach  
  109  10:20  Roach  
  109  10:21  Roach  
  104  10:28  Hydralisk  
  91  10:36  Lurker x3  
  91  10:37  Zergling x2  
  91  10:38  Zergling x2  
  96  10:47  Hydralisk x2  
  98  10:54  Drone x2  
  98  10:55  Queen, Drone  
  103  10:57  Overlord  
  103  11:09  Hydralisk x3  
Tags
 
Add a new tag
Caveats
  • Supply blocks, unpowered buildings, or Contaminate may cause inaccurate times.
  • Supply counts are checked every 10 seconds.